 Dungeon Crawl Stone Soup version 0.31-a0-940-gdaa99269f9 (webtiles) character file.

Game seed: 6021106536758079395

14 mortress the Ruffian (level 2, -1/23 HPs)
             Began as a Draconian Shapeshifter on Oct 20, 2023.
             Succumbed to an adder's poison
             ... on level 1 of the Dungeon.
             The game lasted 00:01:42 (654 turns).

mortress the Ruffian (Draconian Shapeshifter)        Turns: 654, Time: 00:01:43

Health: -1/23      AC:  4    Str: 16    XL:     2   Next: 27%
Magic:  2/2        EV: 12    Int: 10    God:
Gold:   115        SH:  0    Dex: 10    Spells: 1/1 levels left

rFire   . .          .
                       - Unarmed
rCold   . . .        (no shield)
rNeg    . . .        (body armour unavailable)
rPois   .            (helmet currently unavailable)
rElec   .            (cloak currently unavailable)
rCorr   .            (gloves currently unavailable)
SInv    .            (boots currently unavailable)
Will    .....        (no amulet)
Stlth   +            (no ring)
HPRegen 0.23/turn    (no ring)
MPRegen 0.08/turn

%: no passive effects
@: lethally poisoned (-1 -> -9), beast-form
A: beast (slay +1), AC +4, unfitting armour, cold-blooded
a: Begin Untransformation


You were on level 1 of the Dungeon.
You were a hulking beast.
You visited 1 branch of the dungeon, and saw 2 of its levels.

You collected 115 gold pieces.

Inventory:

Missiles
 f - 5 boomerangs
Jewellery
 d - an amulet of magic regeneration
 e - a +6 ring of intelligence
Talismans
 b - a beast talisman (active)
 c - a flux talisman
Potions
 a - a potion of lignification


   Skills:
 + Level 1.6 Fighting
 + Level 2.0 Dodging
 + Level 3.1 Unarmed Combat
 + Level 3.1 Shapeshifting


You had one spell level left.
You didn't know any spells.
Your spell library was empty.

Dungeon Overview and Level Annotations

Branches:
Dungeon (2/15)

Altars:

Shops:
D:1 *


Innate Abilities, Weirdness & Mutations

You are a hulking beast.
Your limbs bulge with bestial killing power. (Slay +1)
Your plain brown scales are hard. (AC +4)
You cannot fit into any form of body armour.
You are cold-blooded and may be slowed by cold attacks.


Message History

Found a stone staircase leading up and a stone staircase leading down.
There is a stone staircase leading up here.
The endoplasm quivers.
You hit the endoplasm.
The endoplasm is moderately wounded.
The endoplasm freezes you.
You are frozen.
You hit the endoplasm.
The endoplasm is heavily wounded.
The endoplasm freezes you.
You are frozen.
You hit the endoplasm.
The endoplasm is almost dead.
The quokka bites you but does no damage.
The adder bites you. The quokka bites you. The endoplasm barely misses you.
The adder barely misses you.
You climb upwards.
There is a stone staircase leading down here.
You hit the endoplasm but do no damage.
The endoplasm is almost dead.
The quokka bites you. The endoplasm closely misses you. The adder bites you.
You are poisoned.
The adder poisons you! The quokka bites you.
You hit the endoplasm.
You kill the endoplasm!
You feel sick. The adder bites you but does no damage.
The quokka bites you but does no damage.
You barely miss the quokka.
You feel sick. The adder barely misses you. The quokka misses you.
The adder bites you.
You are lethally poisoned!
The adder poisons you!
You hit the quokka but do no damage.
* * * LOW HITPOINT WARNING * * *
You feel sick. The quokka bites you.
* * * LOW HITPOINT WARNING * * *
The adder bites you.
* * * LOW HITPOINT WARNING * * *
You hit the quokka but do no damage.
You die...

.# ##.##.##.#.# #.##....#
.# ###.....##...#
#.#######
.###.....####..## #.#
...#....## #..# #.#
.#.......# #.## #.#
.##....#.###### #.#
.####.)......##### ### .#
##.#.......r.#
.#####.#####...#h#####
...........###.S.†...####
##.........# ####.......#
##.........# ##......#
############ ##.....# #
####### # # #


You could see an adder and a quokka.

Vanquished Creatures
  A dart slug (D:1)
  3 endoplasms (D:1)
  A hobgoblin (D:1)
  A quokka (D:1)
  2 ball pythons (D:1)
  A frilled lizard (D:1)
  A goblin (D:1)
  A kobold (D:1)
11 creatures vanquished.

Notes
Turn   | Place    | Note
-------+----------+-------------------------------------------
     0 | D:1      | mortress the Draconian Shapeshifter began the quest for the
                  | Orb.
     0 | D:1      | Reached XP level 1. HP: 16/16 MP: 1/1
   216 | D:1      | Found a faded altar of an unknown god.
   251 | D:1      | Found Hatam's Assorted Antiques.
   263 | D:1      | Reached XP level 2. HP: 19/23 MP: 2/2
   653 | D:1      | HP: 1/23 [adder (3)]
   654 | D:1      | Succumbed to an adder's poison

Illustrated notes

Levels and vault maps discovered:
D:1:      matt_arrival_grand_opening, layout_rooms,
          chequers_ecumenical_altar_island, serial_shops, shop
D:2:      layout_rooms, wad_orctagon

Skill      XL: |  1 |
---------------+----+-----
Dodging        | 2 |  2.0
Fighting       | |  1.6
Unarmed Combat | |  3.1
Shapeshifting  | |  3.1

Action                     || total
---------------------------++-------
  Melee: Unarmed           ||    34
         Tailslap          ||     3
 Armour: Skin              ||    22
  Dodge: Dodged            ||    13

Table legend: (Time is in decaauts)
 A = Elapsed time spent in this place.
 B = Non-inter-level travel time spent in this place.
 C = Inter-level travel time spent in this place.
 D = Time resting spent in this place.
 E = Time spent auto-exploring this place.
 F = Levels seen in this place.
 G = Mean time per level.
                   A        B        C        D        E       F      G
               +--------+--------+--------+--------+--------+-----+--------+
         Total |    658 |    635 |     23 |      0 |    523 |   2 |  329.0 |
       Dungeon |    658 |    635 |     23 |      0 |    523 |   2 |  329.0 |
               +--------+--------+--------+--------+--------+-----+--------+

Top non-repeatable levels by time:
     D:1: 652 daAuts
     D:2: 5 daAuts
